 Dungeon Crawl Stone Soup version 0.17.0-28-g6e173f8 (webtiles) character file.

1491 Raultor the Transmogrifier (level 8, -1/48 HPs)
             Began as an Octopode Transmuter on Nov 22, 2015.
             Slain by a sky beast (2 damage)
             ... on level 5 of the Dungeon.
             The game lasted 00:25:01 (6369 turns).

Raultor the Transmogrifier (Octopode Transmuter)    Turns: 6369, Time: 00:25:02

Health: -1/48      AC:  1    Str: 12    XL:     8   Next: 80%
Magic:  0/11       EV: 12    Int: 15    God:
Gold:   363        SH:  0    Dex: 12    Spells: 3 memorised, 3 levels left

rFire  . . .     SeeInvis .     A - +2 quarterstaff (speed)
rCold  . . .     Clarity  .     (shield currently unavailable)
rNeg   . . .     SustAt   .     (helmet restricted)
rPois  .         Gourm    .     g - amulet of rage
rElec  .         Spirit   .     (no ring)
rCorr  .         Warding  .     (no ring)
rMut   .         Stasis   .     (no ring)
MR     .....                    (no ring)
Stlth  ++........               (no ring)
                                (no ring)
                                (no ring)
                                (no ring)

@: very slightly contaminated, not resistant to hostile enchantments, unstealthy
A: almost no armour, amphibious, 8 rings, constrict 8, camouflage 1, gelatinous
body 1
a: Evoke Berserk Rage


You were on level 5 of the Dungeon.
You were near starving.

You visited 2 branches of the dungeon, and saw 8 of its levels.

You collected 363 gold pieces.

Inventory:

Hand Weapons
 A - a +2 quarterstaff of speed (weapon)
Missiles
 a - 12 arrows
 t - 211 stones (quivered)
Armour
 h - a +2 shield
Magical Staves
 m - an uncursed staff of summoning
Jewellery
 g - an amulet of rage (around mantle)
Wands
 p - a wand of paralysis (16)
 r - a wand of magic darts (11)
 w - a wand of disintegration (7)
Scrolls
 d - 2 scrolls of immolation {unknown}
 e - 2 scrolls of remove curse {unknown}
 f - a scroll of fog {unknown}
 j - 3 scrolls of random uselessness
 k - 3 scrolls of enchant armour {unknown}
 l - 3 scrolls of identify {unknown}
 n - 2 scrolls of recharging {unknown}
 o - a scroll of amnesia {unknown}
 q - 3 scrolls of teleportation
 v - 4 scrolls of enchant weapon
 x - 2 scrolls of noise {unknown}
 y - 2 scrolls of magic mapping {unknown}
 B - a scroll of fear {unknown}
Potions
 s - a potion of invisibility {unknown}
 u - a potion of degeneration {unknown}
Books
 b - a book of Changes

   Spells                             Type                      Level
   a - Beastly Appendage              Transmutation                1
   b - Sticks to Snakes               Transmutation                2
   c - Spider Form                    Transmutation/Poison         3
   d - Ice Form                       Ice/Transmutation            4
   e - Blade Hands                    Transmutation                5
Comestibles
 c - 6 bread rations
 i - 3 meat rations
 z - 3 beef jerkies


   Skills:
 + Level 1.1 Fighting
 + Level 2.0 Dodging
 + Level 3.1 Unarmed Combat
 - Level 2.0 Spellcasting
 + Level 9.2 Transmutations
 - Level 5.3 Ice Magic


You had 3 spell levels left.
You knew the following spells:

 Your Spells              Type           Power        Failure   Level  Hunger
a - Beastly Appendage     Trmt           ####..       1%          1    #......
b - Spider Form           Trmt/Pois      ###.......   12%         3    ###....
c - Ice Form              Ice/Trmt       ###.....     14%         4    #####..


Dungeon Overview and Level Annotations

Branches:
Dungeon (7/15)             Temple (1/1) D:6

Altars:
Ashenzari
Cheibriados
Dithmenos
Elyvilon
Fedhas
Kikubaaqudgha
Nemelex Xobeh
Okawaru
Qazlal
Ru
Sif Muna
Trog
Vehumet
Xom
Yredelemnul
The Shining One

Shops:
D:7 !


Innate Abilities, Weirdness & Mutations

You cannot wear most types of armour.
You are amphibious.
You can wear up to eight rings at the same time.
You can use your tentacles to constrict eight enemies at once.
Your skin changes colour to match your surroundings (Stealth).
Your rubbery body absorbs attacks (AC +1).


Message History

Your +2 quarterstaff of speed unmelds from your body.
Your tentacles tingle!
The sky beast barely misses you.
You closely miss the sky beast.
The sky beast is severely wounded.
The sky beast flickers out of sight!
Deactivating autopickup; reactivate with Ctrl-A.
Something hits you. Something shocks you.
* * * LOW HITPOINT WARNING * * *
Casting: Spider Form
Confirm with . or Enter, or press ? or * to list all spells.
You miscast Ice Form.
Your tentacles feel numb with cold.
Something hits you.
* * * LOW HITPOINT WARNING * * *
Something shocks you.
* * * LOW HITPOINT WARNING * * *
Drink which item? (? for menu, Esc to quit)
Okay, then.
Read which item? (? for menu, Esc to quit)
Okay, then.
You closely miss something. Something hits you.
You die...

≈≈≈≈≈≈≈≈≈≈≈≈≈≈≈≈≈≈≈≈≈≈≈≈≈≈≈≈≈≈≈≈≈
≈≈≈≈≈≈≈≈≈≈≈≈≈≈≈≈≈≈≈≈≈≈≈≈≈≈≈≈≈≈≈≈≈
≈≈≈≈≈≈≈≈≈≈≈≈≈≈≈≈≈≈≈≈≈≈≈≈≈≈≈≈≈≈≈≈≈
#################################
...#.).....#....# .
...'..)....#....# ...
...#########....#########....
.........(#.....(#...≈......#
.....(....(.)...@{..........#
..........#).....#..........#
..)#########...[#########....
..†).......#..(.# ...
...#.......#....# .
#############('##################
≈≈≈≈≈≈≈≈≈≈≈≈)(..≈≈≈≈≈≈≈≈≈≈≈≈≈≈≈≈≈
≈≈≈≈≈≈≈≈≈≈≈)....≈≈≈≈≈≈≈≈≈≈≈≈≈≈≈≈≈
≈≈≈≈≈≈≈≈≈≈≈≈.....≈≈≈≈≈≈≈≈≈≈≈≈≈≈≈≈


There were no monsters in sight!

Vanquished Creatures
  A hungry ghost (D:5)
  A phantom (D:4)
  A centaur (D:4)
  A big kobold (D:5)
  A sky beast (D:5)
  2 giant frogs
  2 scorpions
  2 centaur zombies (D:7)
  A crimson imp (D:4)
  A jelly (D:3)
  Crazy Yiuf (D:4)
  A centaur skeleton (D:4)
  2 hounds
  An orc priest (D:5)
  Jessica (D:3)
  Natasha (thrice) (D:3)
  2 iguanas (D:4)
  An orc wizard (D:4)
  3 worker ants
  A killer bee zombie (D:5)
  Robin (D:2)
  9 adders
  8 gnolls (D:3)
  A white imp (D:4)
  4 worms (D:2)
  16 orcs
  7 giant cockroaches
  14 goblins
  12 hobgoblins
  12 jackals
  4 quokkas
  5 bats
  4 giant geckos
  8 giant newts
  26 kobolds
  4 rats
  A fungus (D:4)
165 creatures vanquished.

Notes
Turn   | Place    | Note
--------------------------------------------------------------
     0 | D:1      | Raultor the Octopode Transmuter began the quest for the Orb.
     0 | D:1      | Reached XP level 1. HP: 13/13 MP: 3/3
   128 | D:1      | Reached XP level 2. HP: 15/18 MP: 3/5
   717 | D:2      | Reached XP level 3. HP: 20/23 MP: 6/6
   965 | D:2      | Learned a level 3 spell: Spider Form
  1134 | D:2      | Noticed Robin
  1142 | D:2      | Killed Robin
  1142 | D:2      | Reached skill level 4 in Transmutations
  1142 | D:2      | Reached XP level 4. HP: 8/28 MP: 1/7
  1155 | D:2      | HP: 1/28 [bat (1)]
  1905 | D:3      | Noticed Natasha
  1926 | D:3      | Killed Natasha
  1926 | D:3      | Reached skill level 5 in Transmutations
  1926 | D:3      | Reached XP level 5. HP: 18/33 MP: 4/8
  1961 | D:3      | Learned a level 4 spell: Ice Form
  2017 | D:3      | Noticed Jessica
  2027 | D:3      | Killed Jessica
  2050 | D:3      | Noticed Natasha
  2058 | D:3      | Killed Natasha
  2205 | D:3      | Reached skill level 1 in Ice Magic
  2464 | D:3      | Noticed Natasha
  2469 | D:3      | Killed Natasha
  2768 | D:3      | Reached XP level 6. HP: 29/38 MP: 6/9
  2991 | D:3      | Noticed a giant frog
  3019 | D:3      | Killed a giant frog
  3019 | D:3      | Reached skill level 6 in Transmutations
  3026 | D:3      | Found an iron altar of Okawaru.
  3940 | D:4      | Reached XP level 7. HP: 29/43 MP: 7/10
  4220 | D:4      | Reached skill level 7 in Transmutations
  4490 | D:4      | Found a basalt altar of Yredelemnul.
  5000 | D:4      | Noticed Crazy Yiuf
  5007 | D:4      | Killed Crazy Yiuf
  5007 | D:4      | Reached skill level 8 in Transmutations
  5007 | D:4      | Reached XP level 8. HP: 46/48 MP: 7/11
  5032 | D:5      | Entered Level 5 of the Dungeon
  5153 | D:5      | You fall through a shaft for 2 floors!
  5166 | D:7      | Found Dirin's Distillery.
  5261 | D:6      | Found a staircase to the Ecumenical Temple.
  5270 | Temple   | Entered the Ecumenical Temple
  5929 | D:5      | Found a stormy altar of Qazlal.
  6031 | D:5      | Found a sacrificial altar of Ru.
  6098 | D:5      | Reached skill level 9 in Transmutations
  6098 | D:5      | Reached skill level 5 in Ice Magic
  6368 | D:5      | HP: 1/48 [something (6)]
  6369 | D:5      | Slain by a sky beast

Action                   |  1- 3 |  4- 6 |  7- 9 || total
-------------------------+-------+-------+-------++-------
Melee: Unarmed           |    85 |   156 |   163 ||   404
       Staff             |       |    36 |    28 ||    64
       Quarterstaff      |       |       |    34 ||    34
 Cast: Beastly Appendage |     8 |       |       ||     8
       Spider Form       |     1 |    20 |     3 ||    24
       Ice Form          |       |       |    12 ||    12
  Use: Potion            |       |     1 |     2 ||     3
       Scroll            |       |       |     4 ||     4
 Stab: Sleeping          |     1 |     3 |     2 ||     6
  Eat: Chunk             |     1 |    11 |     6 ||    18
       Bread ration      |       |       |     2 ||     2
